 Dungeon Crawl Stone Soup version 0.18-a0-1683-gf9322e6 (webtiles) character file.

7256 Sargon the Basher (level 11, -6/60 HPs)
             Began as a Gargoyle Fighter on Apr 3, 2016.
             Was an Elder of Qazlal.
             Mangled by a hill giant
             ... wielding a +0 giant club
              (21 damage)
             ... on level 11 of the Dungeon.
             The game lasted 00:28:14 (7299 turns).

Sargon the Basher (Gargoyle Fighter)                Turns: 7299, Time: 00:28:15

Health: -6/60      AC: 15    Str: 21 (22) XL:     11   Next: 12%
Magic:  17/17      EV:  9    Int:  9      God:    Qazlal [****..]
Gold:   430        SH: 15    Dex: 14      Spells: 0 memorised, 10 levels left

rFire  x . .     SeeInvis .     P - +1 mace (venom)
rCold  + + .     Gourm    .     M - +0 scale mail {rPois}
rNeg   + . .     Faith    .     c - +0 shield
rPois  ∞         Spirit   .     j - +0 helmet (curse)
rElec  +         Dismiss  .     (no cloak)
rCorr  .         Reflect  .     (no gloves)
SustAt .         Harm     .     (no boots)
MR     .....     Clarity  +     (no amulet)
Stlth  ..........               x - +2 ring of strength
                                o - ring of ice

@: repel missiles, not resistant to hostile enchantments, extremely unstealthy
A: hooves 1, repulsion field 1, agile 1, clarity, cold resistance 1,
deterioration 1, negative energy resistance 1, electricity resistance, wild
magic 1, unbreathing, petrification resistance, rot immunity, AC +7
a: Upheaval, Elemental Force, Renounce Religion


You were on level 11 of the Dungeon.
You worshipped Qazlal.
Qazlal was greatly pleased with you.
You were not hungry.

You visited 1 branch of the dungeon, and saw 10 of its levels.

You collected 430 gold pieces.

Inventory:

Hand Weapons
 P - a +1 mace of venom (weapon)
Armour
 c - a +0 shield (worn)
 j - a cursed +0 helmet (worn)
 D - a +0 chain mail
 F - a +0 helmet
 M - a +0 scale mail of poison resistance (worn)
Jewellery
 o - a ring of ice (left hand)
 x - a +2 ring of strength (right hand)
Wands
 u - a wand of paralysis (18/24)
 J - a wand of flame (23/48)
 N - a wand of iceblast (11/15)
Scrolls
 b - 2 scrolls of remove curse {unknown}
 e - 3 scrolls of amnesia {unknown}
 h - 14 scrolls of identify {unknown}
 k - 7 scrolls of teleportation {unknown}
 l - 2 scrolls of immolation {unknown}
 n - 2 scrolls of fog {unknown}
 p - 2 scrolls of enchant weapon {unknown}
 q - 2 scrolls of recharging {unknown}
 w - 3 scrolls of noise {unknown}
 y - a scroll of fear {unknown}
 E - 3 scrolls of magic mapping {unknown}
 G - 2 scrolls of blinking {unknown}
 I - a scroll of enchant armour {unknown}
Potions
 d - a potion of might
 i - 6 potions of curing
 m - a potion of agility {unknown}
 s - a potion of magic {unknown}
 t - a potion of cancellation {unknown}
 v - a potion of brilliance {unknown}
 z - a potion of cure mutation {unknown}
 A - a potion of resistance {unknown}
 B - a potion of haste {unknown}
 H - a potion of lignification {unknown}
 K - 2 potions of heal wounds
 L - a potion of berserk rage {unknown}
Comestibles
 a - 7 meat rations
 f - 9 bread rations
 g - 7 fruits
 r - 3 royal jellies
 O - a chunk of flesh


   Skills:
 - Level 3.2 Fighting
 - Level 14.0 Maces & Flails
 - Level 3.2 Armour
 - Level 3.2 Shields
 + Level 9.2 Invocations


You had 10 spell levels left.
You didn't know any spells.

Dungeon Overview and Level Annotations

Branches:
Dungeon (11/15)            Temple (0/1) D:5
   Lair: D:8-11         Orc: D:9-12

Altars:
Ashenzari
Elyvilon
Gozag
Qazlal
Sif Muna

Shops:
D:6 *


Innate Abilities, Weirdness & Mutations

You are resistant to torment.
Your stone body is resilient (AC +7).
You are immune to poison.
You resist negative energy.
You are resistant to electric shocks.
You can survive without breathing.
You are immune to petrification.
You are immune to rotting.
You have large cloven feet.
You are surrounded by a mild repulsion field (EV +2).
You are agile. (Dex +2)
You possess an exceptional clarity of mind.
Your flesh is cold resistant.
Your body sometimes deteriorates upon taking damage.
Your spells are a little harder to cast, but a little more powerful.


Message History

You kill the orc!
Qazlal accepts your kill. You block the orc's attack.
The ogre zombie closely misses you.
You sock the ogre zombie!
You kick the ogre zombie, but do no damage.
The hill giant is engulfed in freezing vapours.
You block the hill giant's attack. You block the orc's attack.
You hit the ogre zombie.
You kick the ogre zombie, but do no damage.
You block the ogre zombie's attack.
The hill giant is engulfed in freezing vapours.
The hill giant hits you with a giant club!!
* * * LOW HITPOINT WARNING * * *
You sock the ogre zombie! You block the orc's attack.
The ogre zombie hits you but does no damage.
You sock the ogre zombie!
The troll zombie is engulfed in roaring flames.
The hill giant is engulfed in freezing vapours.
The hill giant hits you with a giant club!!
You die...

.§#..###.........†.()#...........
..##...'.........).###.......$...
########.....o.(o..# #Z..........
#......Z..(.# #........... ###
####...o.#### ###..####### ..#
###..##### ##.. #.## #......§o#
... .§.# #.......o## §..#
#......ZC@# .### #########Z# .#
#.# .# .#. ... . .# .#.# #. ##
.### #. ## ##


You could see a hill giant, 2 orcs, an ogre zombie and a troll zombie.

Vanquished Creatures
  4 centaur zombies
  The ghost of bl4d3 the Ruffian, a novice VSMo (D:6)
  2 trolls
  A merfolk (D:9)
  9 spriggans (D:5)
  5 yaks (D:10)
  A wraith (D:11)
  A hippogriff (D:10)
  A hungry ghost (D:10)
  Menkaure (D:4)
  The ghost of Sargon the Cudgeler, an amateur GrFi of Vehumet (D:5)
  2 orc warriors (D:11)
  2 ice beasts
  A black bear (D:10)
  A sky beast (D:7)
  3 ogres
  A phantom (D:7)
  2 centaurs
  A necrophage (D:6)
  A wyvern zombie (D:9)
  2 giant frogs
  6 scorpions
  2 jellies
  5 hounds
  2 centaur skeletons (D:5)
  A giant frog skeleton (D:5)
  5 orc priests
  Jessica (D:2)
  10 worker ants
  2 iguanas
  3 orc wizards
  A killer bee zombie (D:10)
  A hound zombie (D:7)
  3 hound skeletons
  A howler monkey zombie (D:7)
  4 gnolls (D:3)
  15 adders
  3 shadow imps
  An ooze (D:1)
  An adder zombie (D:3)
  2 adder skeletons (D:4)
  3 worms
  3 dart slugs (D:2)
  5 giant geckos
  37 orcs
  A ball python (D:3)
  6 giant cockroaches
  11 goblins
  5 hobgoblins
  15 jackals
  5 quokkas
  11 bats
  A giant gecko zombie (D:5)
  7 giant newts
  A goblin zombie (D:11)
  A jackal zombie (D:9)
  7 kobolds
  2 orc skeletons (D:11)
  7 rats
240 creatures vanquished.

Notes
Turn   | Place    | Note
--------------------------------------------------------------
     0 | D:1      | Sargon the Gargoyle Fighter began the quest for the Orb.
     0 | D:1      | Reached XP level 1. HP: 14/14 MP: 1/1
    73 | D:1      | Reached XP level 2. HP: 13/19 MP: 2/2
   280 | D:1      | Reached skill level 3 in Maces & Flails
   808 | D:2      | Found a stormy altar of Qazlal.
   823 | D:2      | Found a faded altar to an unknown god.
   844 | D:2      | Became a worshipper of Qazlal Stormbringer
   865 | D:2      | Noticed Jessica
   881 | D:2      | Reached XP level 3. HP: 23/23 MP: 3/3
   891 | D:2      | Killed Jessica
   891 | D:2      | Reached skill level 4 in Maces & Flails
  1010 | D:2      | Reached XP level 4. HP: 19/28 MP: 4/4
  1622 | D:3      | Reached * piety under Qazlal
  1849 | D:3      | Reached skill level 5 in Maces & Flails
  1849 | D:3      | Reached XP level 5. HP: 31/32 MP: 5/5
  2040 | D:3      | Found a deep blue altar of Sif Muna.
  2205 | D:4      | Noticed Menkaure
  2223 | D:4      | Killed Menkaure
  2223 | D:4      | Reached skill level 6 in Maces & Flails
  2223 | D:4      | Reached XP level 6. HP: 13/37 MP: 6/6
  2363 | D:4      | Got a polished ring mail
  2374 | D:4      | Identified the +4 ring mail of Waipur {MR- Str+4 Dex+5 Slay-6} (You found it on level 4 of the Dungeon)
  2413 | D:4      | Reached ** piety under Qazlal
  2416 | D:4      | Reached skill level 7 in Maces & Flails
  2708 | D:4      | Reached XP level 7. HP: 41/41 MP: 7/7
  3213 | D:4      | Reached skill level 8 in Maces & Flails
  3283 | D:5      | Entered Level 5 of the Dungeon
  3289 | D:5      | Found a staircase to the Ecumenical Temple.
  3342 | D:5      | Noticed Sargon's ghost (amateur GrFi)
  3371 | D:5      | Killed Sargon's ghost
  3571 | D:5      | Reached skill level 9 in Maces & Flails
  3571 | D:5      | Reached XP level 8. HP: 35/46 MP: 8/8
  3607 | D:5      | Noticed a spriggan
  3626 | D:5      | Killed a spriggan
  3643 | D:5      | Noticed a spriggan
  3643 | D:5      | Noticed a spriggan
  3648 | D:5      | Noticed a spriggan
  3653 | D:5      | Killed a spriggan
  3653 | D:5      | Reached skill level 10 in Maces & Flails
  3654 | D:5      | Noticed a spriggan
  3672 | D:5      | Killed a spriggan
  3687 | D:5      | Killed a spriggan
  3716 | D:5      | Killed a spriggan
  3716 | D:5      | Reached skill level 11 in Maces & Flails
  3716 | D:5      | Reached XP level 9. HP: 26/51 MP: 9/9
  3834 | D:5      | Gained mutation: You have large cloven feet. [potion of mutation]
  3834 | D:5      | Gained mutation: Your flesh is cold resistant. [potion of mutation]
  3834 | D:5      | Gained mutation: Your spells are a little harder to cast, but a little more powerful. [potion of mutation]
  3838 | D:5      | Reached *** piety under Qazlal
  3849 | D:5      | Reached skill level 12 in Maces & Flails
  3890 | D:5      | Gained mutation: You are surrounded by a mild repulsion field (EV +2). [potion of mutation]
  3890 | D:5      | Gained mutation: Your magical capacity is low (-10% MP). [potion of mutation]
  3890 | D:5      | Gained mutation: Your body sometimes deteriorates upon taking damage. [potion of mutation]
  3891 | D:5      | Gained mutation: You possess an exceptional clarity of mind. [potion of mutation]
  3891 | D:5      | Gained mutation: You are agile. (Dex +2) [potion of mutation]
  3891 | D:5      | Lost mutation: Your magical capacity is low (-10% MP). [potion of mutation]
  4473 | D:6      | Noticed bl4d3's ghost (novice VSMo)
  4493 | D:6      | Found Gozag's Platinum Reserve.
  4514 | D:6      | Killed bl4d3's ghost
  4517 | D:6      | Found an opulent altar of Gozag.
  4876 | D:6      | Found a shattered altar of Ashenzari.
  5063 | D:6      | Reached skill level 13 in Maces & Flails
  5247 | D:7      | Reached XP level 10. HP: 50/56 MP: 10/10
  5252 | D:7      | Reached **** piety under Qazlal
  5417 | D:7      | Found a white marble altar of Elyvilon.
  5489 | D:7      | You fall through a shaft for 2 floors!
  5873 | D:9      | Reached skill level 14 in Maces & Flails
  6081 | D:9      | Reached skill level 1 in Invocations
  6172 | D:10     | Entered Level 10 of the Dungeon
  6326 | D:10     | Reached skill level 5 in Invocations
  6737 | D:10     | Noticed a hill giant
  6795 | D:10     | Noticed a five-headed hydra
  6832 | D:11     | Reached XP level 11. HP: 29/60 MP: 17/17
  6838 | D:11     | Noticed a hill giant
  7299 | D:11     | Mangled by a hill giant

Vault maps used:
D:1:      minmay_arrival_glassed_features, st_stairs_14
D:2:      nicolae_qazlal_eye_of_the_storm, ecumenical_altar_2,
          grunt_ministairs_7, uniq_jessica
D:3:      led_sif_pool
D:4:      first_bread, uniq_menkaure
D:5:      forest_paths
D:6:      kennysheep_mini_moat, nicolae_gozag_zags_fifth_avenue
D:7:      lemuel_doored_altar
D:9:      hangedman_fish_farm
D:10:     nicolae_trove_entry_free_sample, basic_altar, nrook_mini_backslash,
          hangedman_decor_opposing
D:11:     zombieorc1_lemuel, special_room

Skill      XL: |  1  2  3  4  5  6  7  8  9 10 11 |
---------------+----------------------------------+-----
Maces & Flails | 3 4 5 6 7 9 11 13 14 | 14.0
Invocations    | 8 9 |  9.2
Fighting       | |  3.2
Armour         | |  3.2
Shields        | |  3.2

Action                   |  1- 3 |  4- 6 |  7- 9 | 10-12 || total
-------------------------+-------+-------+-------+-------++-------
Melee: Flail             |    95 |   170 |   384 |   399 ||  1048
       Mace              |       |    75 |   128 |    12 ||   215
  Use: Potion            |       |       |     8 |       ||     8
  Eat: Chunk             |       |     6 |     7 |     6 ||    19
       Pizza             |       |       |     1 |       ||     1
       Beef jerky        |       |       |       |     2 ||     2
